AoeStats
← Zucca

Black Forest

509736829Analyzed
3v3 RM · 5d ago on Sep 27, 2026· 42m 24s· 6 players
Game mode
Random Map
Map size
Normal (6 player)
Population
200
Speed
Normal
Resources
Standard
Victory
Conquest
Starting age
Dark Age
Ending age
Imperial Age
RankedLock teamsTeams togetherTeam positionsShared explorationLock speedFull tech treeHidden civsTurbo modeCheats
Victory
Defeat
🇦🇷 Franks · Argentina
875
+12
🇦🇷 Magyars · Argentina
837
+13
🇦🇷 Aztecs · Argentina
754
+16
🇵🇪 Huns · Peru
785
-14
🇬🇷 Spanish · Greece
777
-20
🇵🇪 Britons · Peru
758
-13
Wolfaroth
0:33 Loom
13:00 Feudal Age
19:56 Castle Age
18:55 Double-Bit Axe
19:01 Horse Collar
20:01 Stone Mining
20:50 Bow Saw
21:29 Heavy Plow
32:26 Gold Mining
35:40 Imperial Age
33:24 Squires
33:37 Forging
33:32 Pikeman
34:14 Scale Mail Armor
34:06 Fletching
36:05 Bloodlines
35:16 Light Cavalry
35:58 Husbandry
36:03 Padded Archer Armor
37:11 Scale Barding Armor
37:23 Chain Mail Armor
37:51 Wheelbarrow
37:02 Town Watch
38:51 Chain Barding Armor
39:46 Hand Cart
40:07 Bodkin Arrow
41:24 Bracer
41:40 Leather Archer Armor
42:02 Plate Barding Armor
42:57 Plate Mail Armor
43:02 Iron Casting
CAPIBARBA
12:17 Feudal Age
13:33 Wheelbarrow
12:44 Double-Bit Axe
12:40 Horse Collar
20:54 Castle Age
21:57 Hand Cart
22:04 Bow Saw
22:04 Heavy Plow
23:40 Caravan
24:44 Gold Mining
28:45 Gold Shaft Mining
28:01 Stone Mining
28:18 Scale Mail Armor
31:47 Pikeman
32:27 Squires
32:28 Gambesons
32:31 Arson
33:02 Forging
33:07 Chain Mail Armor
32:52 Fletching
33:03 Padded Archer Armor
36:40 Imperial Age
38:58 Chemistry
37:26 Halberdier
39:11 Yeomen
Luzutuns
0:41 Loom
12:19 Feudal Age
13:37 Wheelbarrow
12:51 Double-Bit Axe
17:59 Castle Age
19:15 Hand Cart
19:51 Bow Saw
23:38 Gold Mining
23:52 Horse Collar
30:00 Imperial Age
28:14 Scale Barding Armor
28:21 Forging
29:43 Caravan
29:52 Husbandry
30:03 Bloodlines
30:48 Gold Shaft Mining
30:14 Heavy Plow
30:45 Chain Barding Armor
30:36 Cavalier
32:30 Plate Barding Armor
32:33 Iron Casting
33:17 Two-Man Saw
33:06 Paladin
35:35 Blast Furnace
pedrantix
0:27 Loom
12:14 Feudal Age
13:49 Feudal Age
16:36 Double-Bit Axe
21:33 Castle Age
22:04 Horse Collar
22:39 Bow Saw
23:02 Heavy Plow
24:24 Wheelbarrow
25:14 Elite Skirmisher
25:57 Squires
25:43 Arson
26:56 Padded Archer Armor
26:46 Fletching
27:48 Hand Cart
29:38 Gold Mining
29:38 Stone Mining
29:42 Eagle Warrior
30:43 Bow Saw
31:25 Ballistics
31:01 Murder Holes
31:15 Bodkin Arrow
32:45 Leather Archer Armor
34:46 Forging
34:36 Scale Mail Armor
37:24 Imperial Age
34:40 Town Watch
35:59 Pikeman
38:06 Town Patrol
38:29 Bracer
39:04 Iron Casting
38:44 Chain Mail Armor
38:35 Atlatl
38:56 Garland Wars
38:57 Conscription
40:19 Chemistry
39:25 Siege Engineers
Zucca
0:26 Loom
13:09 Feudal Age
18:07 Castle Age
17:29 Wheelbarrow
16:43 Double-Bit Axe
16:51 Gold Mining
17:32 Stone Mining
18:00 Fishing Lines
22:41 Fletching
24:10 Gold Shaft Mining
26:14 Hand Cart
30:54 Imperial Age
28:42 Treadmill Crane
29:13 Fortified Wall
29:01 Murder Holes
29:12 Gillnets
30:17 Coinage
30:20 Bodkin Arrow
30:31 Scale Barding Armor
30:37 Forging
30:01 Pikeman
30:27 Gambesons
30:42 Squires
31:20 Husbandry
32:16 Conscription
31:50 Arrowslits
32:16 Light Cavalry
33:04 Caravan
33:02 Gambesons
33:14 Cavalier
34:31 Ballistics
34:36 Chain Barding Armor
34:57 Iron Casting
35:03 Banking
34:51 Halberdier
35:40 Scale Mail Armor
35:40 Padded Archer Armor
35:38 Elite Skirmisher
35:40 Cranequins
36:22 Onager
38:48 Plate Barding Armor
39:14 Blast Furnace
38:29 Chain Mail Armor
38:30 Leather Archer Armor
38:12 Arson
38:58 Paladin
41:52 Man-at-Arms
44:01 Chemistry
Blackbird
0:27 Loom
14:58 Feudal Age
15:43 Horse Collar
17:52 Gold Mining
17:53 Double-Bit Axe
21:41 Stone Mining
26:20 Castle Age
28:17 Bow Saw
28:51 Heavy Plow
29:34 Gold Shaft Mining
29:41 Bloodlines
29:32 Husbandry
34:43 Murder Holes
34:28 Treadmill Crane
35:09 Ballistics
34:57 Scale Barding Armor
35:44 Wheelbarrow
36:30 Corvinian Army
37:11 Hand Cart
36:41 Town Watch
37:49 Town Patrol
39:00 Caravan
39:30 Coinage
39:28 Chain Barding Armor
39:22 Masonry
42:08 Light Cavalry
Connection lost

Rejoining the realm…

Still unreachable

The connection could not be restored.

Session expired

The server has moved on; the page needs a fresh start.